 Dungeon Crawl Stone Soup version 0.23.2-11-gf996548c65 (webtiles) character file.

Game seed: 13545923252419246201

738 MalarOregon the Ruffian (level 7, -1/54 (60) HPs)
             Began as a Ghoul Gladiator on June 4, 2019.
             Slain by an orc warrior
             ... wielding a +0 glaive
              (11 damage)
             ... on level 5 of the Dungeon.
             The game lasted 00:07:40 (4362 turns).

MalarOregon the Ruffian (Ghoul Gladiator)           Turns: 4362, Time: 00:07:41

HP:   -1/54 (60)    AC:  5    Str: 18    XL:     7   Next: 75%
MP:   6/6           EV: 19    Int:  3    God:
Gold: 151           SH:  4    Dex: 17    Spells: 6/6 levels left

rFire    . . .     SeeInvis .     - Unarmed
rCold    + . .     Gourm    .   h - +0 buckler
rNeg     + + +     Faith    .   a - +0 leather armour
rPois    ∞         Spirit   .   b - +0 helmet
rElec    .         Reflect  .   (no cloak)
rCorr    .         Harm     .   (no gloves)
MR       +....                  f - +0 pair of boots
Stlth    ++........             (no amulet)
HPRegen  0.00/turn              n - ring of flight
MPRegen  0.10/turn              l - ring of protection from magic

@: agile, rotting
A: rotting body, claws 1, carnivore, cold resistance 1, negative energy
resistance 3, inhibited regeneration, torment resistance, unbreathing
a: Evoke Flight


You were on level 5 of the Dungeon.
You were near starving.

You visited 1 branch of the dungeon, and saw 5 of its levels.

You collected 151 gold pieces.

Inventory:

Missiles
 m - 2 throwing nets (quivered) {!f}
Armour
 a - a +0 leather armour (worn)
 b - a +0 helmet (worn)
 f - a +0 pair of boots (worn)
   (You found it on level 3 of the Dungeon)
 h - a +0 buckler (worn)
   (You found it on level 4 of the Dungeon)
Jewellery
 l - a ring of protection from magic (right claw)
   (You found it on level 2 of the Dungeon)
 n - a ring of flight (left claw)
   (You found it on level 4 of the Dungeon)
Wands
 c - a wand of disintegration (13)
   (You found it on level 4 of the Dungeon)
 i - a wand of scattershot (4)
   (You found it on level 5 of the Dungeon)
Scrolls
 d - 2 scrolls of teleportation {@r4}
 g - 4 scrolls of identify {@r1}
Potions
 j - 2 potions of invisibility
 k - 3 potions of curing {@q1}
Comestibles
 e - 16 rations {!d}


   Skills:
 + Level 4.9 Fighting
 - Level 4.0 Throwing
 + Level 4.6 Dodging
 + Level 0.7 Shields
 + Level 5.5 Unarmed Combat


You had 6 spell levels left.
You didn't know any spells.
Your spell library contained the following spells:

 Spells                   Type           Power        Failure   Level  Hunger
 Confusing Touch          Hex            #.....       75%         1    ##.....
 Confuse                  Hex            #.......     98%         3    ####...
 Gell's Gravitas          Tloc           #.........   98%         3    ####...
 Petrify                  Tmut/Erth      #.......     100%        4    #####..
 Metabolic Englaciation   Hex/Ice        #.........   100%        5    ######.
 Yara's Violent Unravell  Hex/Tmut       #.........   100%        5    ######.


Dungeon Overview and Level Annotations

Branches:
Dungeon (5/15)
 Temple: D:4-7

Altars:
Ashenzari
Elyvilon
Nemelex Xobeh

Shops:
D:5 *

Annotations:
D:3 3 runed translucent doors, Grendash's ghost, amateur HOFi; Sassenached's ghost, amateur DsWn; TrebMcFLY's ghost, amateur GrFi


Innate Abilities, Weirdness & Mutations

Your body is rotting away.
You thrive on raw meat.
You are immune to poison.
You have sharp fingernails.
You are carnivorous and can eat meat at any time.
Your flesh is cold resistant. (rC+)
You are immune to negative energy. (rN+++)
You do not regenerate when monsters are visible.
You are immune to unholy pain and torment.
You can survive without breathing.


Message History

The orc priest hits you with a +0 falchion!
* * * LOW HITPOINT WARNING * * *
You scratch the orc priest.
You kill the orc priest!
You feel your dexterity returning.
You see here a +0 falchion.
There is a stone staircase leading down here.
You start resting.
You feel your flesh rotting away. x3
You are near starving!
You start resting.
You climb downwards.
There is a stone staircase leading up here.
No target in view!
g - 4 scrolls of identify {@r1} (gained 1)
Things that are here:
a +0 ring mail; a +0 vampiric hand axe {!w} You feel your flesh rotting away.
The orc warrior is too close now for your liking.
You feel your flesh rotting away. You block the orc warrior's attack.
The orc warrior closely misses you.
You closely miss the orc warrior. You scratch the orc warrior.
The orc warrior closely misses you.
You barely miss the orc warrior.
The orc warrior hits you with a +0 glaive.
You barely miss the orc warrior.
The orc warrior hits you with a +0 glaive!
You scratch the orc warrior but do no damage.
You claw the orc warrior!
The orc warrior hits you with a +0 glaive!
* * * LOW HITPOINT WARNING * * *
Okay, then.
You feel agile all of a sudden. You block the orc warrior's attack.
You scratch the orc warrior but do no damage.
You scratch the orc warrior but do no damage.
The orc warrior barely misses you.
You scratch the orc warrior. The orc warrior misses you.
You barely miss the orc warrior. The orc warrior closely misses you.
You closely miss the orc warrior. You claw the orc warrior!
The orc warrior closely misses you.
You closely miss the orc warrior. The orc warrior barely misses you.
You scratch the orc warrior but do no damage.
You closely miss the orc warrior.
The orc warrior hits you with a +0 glaive!
* * * LOW HITPOINT WARNING * * *
You scratch the orc warrior but do no damage.
The orc warrior hits you with a +0 glaive!
You die...

##.....### .#
###........####.#
......##........#
........#####...##
........## ###.#
.........## #.####.#
..........# ###.....#
.........###o.....##
...........@.....##
..................#
.....................
.................####
........######...#
........# #...#
........# #...#
#.......# ....
##.##....


You could see an orc warrior.

Vanquished Creatures
  Edmund (D:4)
  An ogre (D:4)
  A scorpion (D:4)
  A quasit (D:5)
  4 orc priests
  2 iguanas (D:4)
  Terence (D:2)
  2 orc wizards (D:4)
  A worker ant (D:5)
  A worker ant zombie (D:5)
  5 adders
  5 worms
  2 dart slugs
  21 orcs
  9 bats
  2 giant cockroaches
  11 goblins
  5 hobgoblins
  A jackal (D:3)
  7 kobolds
  4 quokkas
  A ball python (D:3)
  8 frilled lizards
  A jackal skeleton (D:4)
  6 rats
103 creatures vanquished.

Vanquished Creatures (others)
  4 withered plants (D:3)
4 creatures vanquished.

Grand Total: 107 creatures vanquished

Notes
Turn   | Place    | Note
-------+----------+-------------------------------------------
     0 | D:1      | MalarOregon the Ghoul Gladiator began the quest for the
                  | Orb.
     0 | D:1      | Reached XP level 1. HP: 17/17 MP: 0/0
    40 | D:1      | Reached XP level 2. HP: 14/25 MP: 1/1
   285 | D:1      | Reached XP level 3. HP: 18/30 MP: 2/2
   458 | D:2      | Found a shattered altar of Ashenzari.
   467 | D:2      | Found a white marble altar of Elyvilon.
   804 | D:2      | Noticed Terence
   818 | D:2      | Killed Terence
   818 | D:2      | Reached XP level 4. HP: 19/38 MP: 3/3
  1055 | D:2      | Reached skill level 4 in Unarmed Combat
  1367 | D:3      | Found a runed translucent gate.
  1367 | D:3      | Found a runed translucent gate.
  1367 | D:3      | Found a runed translucent gate.
  1371 | D:3      | Noticed Grendash's ghost (amateur HOFi)
  1371 | D:3      | Noticed Sassenached's ghost (amateur DsWn)
  1371 | D:3      | Noticed TrebMcFLY's ghost (amateur GrFi)
  1627 | D:3      | Reached XP level 5. HP: 30/45 MP: 4/4
  1955 | D:3      | Found a sparkling altar of Nemelex Xobeh.
  2010 | D:4      | Noticed Edmund
  2065 | D:4      | HP: 1/45 [Edmund/+1 flail of protection (7)]
  2067 | D:4      | Killed Edmund
  2067 | D:4      | Reached XP level 6. HP: 1/52 MP: 5/5
  2634 | D:4      | Reached skill level 5 in Unarmed Combat
  2886 | D:4      | Reached XP level 7. HP: 52/60 MP: 6/6
  3739 | D:5      | Entered Level 5 of the Dungeon
  4056 | D:5      | Found Zin's Purification Station.
  4362 | D:5      | Slain by an orc warrior

Skill      XL: |  1  2  3  4  5  6  7 |
---------------+----------------------+-----
Throwing       | 2 3 4 |  4.0
Dodging        | 3 4 |  4.6
Fighting       | 3 4 |  4.9
Unarmed Combat | 4 5 |  5.5
Shields        | |  0.7

Action                   |  1- 3 |  4- 6 |  7- 9 || total
-------------------------+-------+-------+-------++-------
Melee: Unarmed           |   134 |   218 |   117 ||   469
       Punch             |     4 |     5 |     2 ||    11
Throw: Throwing net      |       |     3 |       ||     3
  Use: Potion            |     3 |     4 |     1 ||     8
       Scroll            |       |     7 |     1 ||     8
 Stab: Sleeping          |       |     1 |       ||     1
       Invisible         |       |     2 |       ||     2
       Held in net/web   |       |     1 |       ||     1
  Eat: Chunk             |     4 |    11 |     1 ||    16
Armor: Leather armour    |    49 |    33 |    31 ||   113
Dodge: Dodged            |   103 |   131 |    89 ||   323
Block: Buckler           |       |       |    15 ||    15
